 Dungeon Crawl Stone Soup version 0.31-a0-198-g2ad674f65e (webtiles) character file.

Game seed: 7728295620581324520

259 qw the Skirmisher (level 5, 0/30 HPs)
             Began as a Deep Elf Hunter on June 25, 2023.
             Slain by a gnoll
             ... wielding a +1 spear of flaming
             ... led by a gnoll bouda
              (7 damage)
             ... on level 3 of the Dungeon.
             The game lasted 00:00:46 (2117 turns).

qw the Skirmisher (Deep Elf Hunter)                 Turns: 2117, Time: 00:00:46

Health: 0/30       AC:  5    Str: 10    XL:     5   Next: 95%
Magic:  7/7        EV: 11    Int: 14    God:
Gold:   92         SH:  0    Dex: 18    Spells: 4/4 levels left

rFire   . . .        Y - +0 shortbow (drain)
rCold   . . .        (shield currently unavailable)
rNeg    . . .        f - +0 ring mail
rPois   .            (no helmet)
rElec   .            (no cloak)
rCorr   .            (no gloves)
SInv    .            (no boots)
Will    .....        b - amulet of faith
Stlth   +            (no ring)
HPRegen 0.25/turn    (no ring)
MPRegen 0.10/turn

%: faith
@: no status effects
A: no striking features
a: no special abilities


You were on level 3 of the Dungeon.
You visited 1 branch of the dungeon, and saw 3 of its levels.

You collected 92 gold pieces.


   Skills:
 + Level 1.7 Fighting
 - Level 9.4 Ranged Weapons
 - Level 2.4 Dodging
 - Level 1.2 Stealth


You had 4 spell levels left.
You didn't know any spells.
Your spell library was empty.

Inventory:

Hand Weapons
 Y - a +0 shortbow of draining (weapon)
Armour
 f - a +0 ring mail (worn)
Jewellery
 b - an amulet of faith (around neck)
Scrolls
 a - a scroll of identify
Potions
 c - a potion of berserk rage {unknown}
 d - a potion of heal wounds {unknown}
 e - a potion of invisibility {unknown}
 h - a potion of cancellation {unknown}
 j - a potion of might {unknown}
 m - a potion of mutation {unknown}

Dungeon Overview and Level Annotations

Branches:
Dungeon (3/15)

Altars:

Shops:
D:1 ([=


Message History

Waypoint 2 assigned to D:3.
You shoot an arrow. The gnoll shouts!
The arrow hits the gnoll!
The gnoll is heavily wounded.
A gnoll comes into view. It is wielding a +0 halberd.
The gnoll hits you from afar with a +0 halberd.
The gnoll barely misses you.
The gnoll bouda gazes fiercely through you!
You feel your attacks grow feeble.
2097 ||| STAIRDANCE The gnoll hits you from afar with a +1 spear of flaming.
The gnoll burns you. The gnoll closely misses you. The gnoll barely misses you.
The gnoll bouda barks out a call to the hunt!
The gnolls pick up the pace!
You climb upwards.
There is a stone staircase leading down here.
You shoot an arrow. The arrow hits the gnoll.
You drain the gnoll.
The gnoll is almost dead.
The gnoll hits you but does no damage.
You shoot an arrow. The arrow hits the gnoll!
You kill the gnoll!
Your attacks no longer feel as feeble.
You start resting.
HP restored.
Partly explored, can't reach some places.
(D) Dungeon
Where to? (* - list waypoints, Enter - D:3, ? - help)
What level of the Dungeon? (default 1, ? - help)
You climb downwards.
The gnoll hits you with a +0 whip.
The gnoll bouda barks out a call to the hunt!
The gnolls pick up the pace!
The gnoll barely misses you.
There is a stone staircase leading up here.
You shoot an arrow. The arrow hits the gnoll!
You drain the gnoll.
You kill the gnoll!
The gnoll completely misses you.
The gnoll hits you from afar with a +0 halberd!
The gnoll hits you with a +0 whip. The gnoll hits you with a +0 whip!
The gnoll hits you from afar with a +1 spear of flaming!
You die...

##### ##...##
##.....##
#....g).#
#..g.@..#
#...gg..#
##....g.#
#.......#
#g......g
.........#.
####......###
.=...#.#


You could see a gnoll bouda and 6 gnolls.

Vanquished Creatures
  Sigmund (D:2)
  Jessica (D:2)
  2 gnolls
  2 adders (D:2)
  A worm (D:2)
  2 dart slugs
  5 ball pythons
  3 endoplasms
  2 giant cockroaches (D:2)
  4 goblins
  4 hobgoblins
  7 jackals
  A quokka (D:1)
  3 bats
  5 frilled lizards
  4 kobolds
  2 rats
49 creatures vanquished.

Notes
Turn   | Place    | Note
-------+----------+-------------------------------------------
     0 | D:1      | qw the Deep Elf Hunter began the quest for the Orb.
     0 | D:1      | Reached XP level 1. HP: 12/12 MP: 3/3
     0 | D:1      | 0 ||| qw: Version: 0.3-a-22-g0ed2b0b
     0 | D:1      | 0 ||| qw: Game counter: 5394
     0 | D:1      | 0 ||| qw: Melee chars always use a shield: true
     0 | D:1      | 0 ||| qw: God list: Okawaru
     0 | D:1      | 0 ||| qw: Allow faded altars: false
     0 | D:1      | 0 ||| qw: Do Orc after clearing Dungeon:15 true
     0 | D:1      | 0 ||| qw: Do second Lair branch before Depths: true
     0 | D:1      | 0 ||| qw: Lair rune preference: random
     0 | D:1      | 0 ||| qw: Goals: Normal
     0 | D:1      | 0 ||| PLANNING D:1-11
    32 | D:1      | Found Jasumm's Jewellery Shop.
    51 | D:1      | 51 ||| SHOPLISTING +4 ring of protection (432 gold, have
                  | 0).
    51 | D:1      | 51 ||| SHOPLISTING +5 ring of evasion (432 gold, have 0).
    51 | D:1      | 51 ||| SHOPLISTING amulet of faith (480 gold, have 0).
    51 | D:1      | 51 ||| SHOPLISTING ring "Nedanant" {rF+ SInv} (348 gold,
                  | have 0).
    51 | D:1      | 51 ||| SHOPLISTING ring of ice (300 gold, have 0).
    51 | D:1      | 51 ||| SHOPLISTING ring of protection from fire (300 gold,
                  | have 0).
   176 | D:1      | 176 ||| FLEEEEING.
   177 | D:1      | 177 ||| FLEEEEING.
   183 | D:1      | 183 ||| FLEEEEING.
   234 | D:1      | Reached XP level 2. HP: 9/16 MP: 4/4
   321 | D:1      | Reached skill level 6 in Ranged Weapons
   363 | D:1      | 363 ||| Stepping ~*~*~tactically~*~*~ (water).
   469 | D:1      | Found Hehoez's Antique Weapon Emporium.
   730 | D:1      | Found Coumm's Armour Shop.
   743 | D:1      | 743 ||| SHOPLISTING +1 helmet of intelligence (231 gold,
                  | have 54).
   894 | D:1      | 894 ||| UPGRADING to +0 ring mail.
   904 | D:1      | 904 ||| DROPPING +0 leather armour.
   905 | D:1      | 905 ||| READING scroll labelled NOAROY DUUCW.
   906 | D:1      | 906 ||| READING scroll labelled JELE ZIDGHOTELA.
   910 | D:1      | 910 ||| READING scroll labelled CYSIMIA GUQUNA.
   911 | D:1      | 911 ||| DROPPING scroll of butterflies.
   947 | D:2      | Reached XP level 3. HP: 13/20 MP: 5/5
  1127 | D:2      | Reached skill level 7 in Ranged Weapons
  1436 | D:2      | Reached XP level 4. HP: 25/25 MP: 6/6
  1458 | D:2      | Noticed Jessica
  1460 | D:2      | 1460 ||| FLEEEEING.
  1462 | D:2      | 1462 ||| FLEEEEING.
  1464 | D:2      | 1464 ||| FLEEEEING.
  1465 | D:2      | 1465 ||| FLEEEEING.
  1467 | D:2      | 1467 ||| FLEEEEING.
  1468 | D:2      | 1468 ||| FLEEEEING.
  1469 | D:2      | 1469 ||| FLEEEEING.
  1470 | D:2      | 1470 ||| FLEEEEING.
  1471 | D:2      | 1471 ||| FLEEEEING.
  1476 | D:2      | 1476 ||| FLEEEEING.
  1477 | D:2      | 1477 ||| FLEEEEING.
  1478 | D:2      | Killed Jessica
  1550 | D:2      | Noticed Sigmund
  1557 | D:2      | Killed Sigmund
  1558 | D:2      | Reached skill level 9 in Ranged Weapons
  1558 | D:2      | Reached XP level 5. HP: 21/29 MP: 7/7
  1967 | D:2      | 1967 ||| UPGRADING to amulet of faith.
  1972 | D:2      | 1972 ||| READING 2 scrolls labelled FATWOBLOADGH.
  1973 | D:2      | 1973 ||| READING scroll labelled TOXIF CUL YNA.
  1974 | D:2      | 1974 ||| READING scroll labelled UBLIYT ZAEPH.
  1975 | D:2      | 1975 ||| READING scroll labelled UGREEDGH BIECOT.
  1976 | D:2      | 1976 ||| DRINKING 2 yellow potions.
  1977 | D:2      | 1977 ||| DRINKING 2 golden potions.
  1978 | D:2      | 1978 ||| DROPPING potion of magic.
  1979 | D:2      | 1979 ||| DROPPING potion of attraction.
  1981 | D:2      | 1981 ||| Stepping ~*~*~tactically~*~*~ (cloud).
  2097 | D:3      | 2097 ||| STAIRDANCE
  2117 | D:3      | HP: 7/30 [gnoll/+0 whip[a gnoll bouda] (8)]
  2117 | D:3      | Slain by a gnoll

Levels and vault maps discovered:
D:1:      dpeg_arrival_rooms_a, layout_loops_ring, serial_shops, shop, shop,
          nicolae_lakefront_shop, serial_bayou_crossing
D:2:      layout_loops_corners, minmay_strange_pillars, minivault_11,
          wad_woods_river_04, uniq_jessica, uniq_sigmund
D:3:      layout_rooms, uniq_natasha

Skill      XL: |  1  2  3  4 |
---------------+-------------+-----
Ranged Weapons | 6 7 9 |  9.4
Fighting       | |  1.7
Dodging        | |  2.4
Stealth        | |  1.2

Action                     |  1- 3 |  4- 6 || total
---------------------------+-------+-------++-------
   Fire: Shortbow          |   113 |    19 ||   132
    Use: Scroll            |     3 |     4 ||     7
         Potion            |       |     2 ||     2
 Armour: Leather armour    |     1 |       ||     1
         Ring mail         |     6 |     2 ||     8
  Dodge: Dodged            |    23 |     6 ||    29

Table legend:
 A = Non-vault XP
 B = Vault XP
 C = Vault XP percentage of total XP
 D = Non-vault monster count
 E = Vault monster count
 F = Vault count percentage of total count
                 A         B        C        D         E       F
            +---------+---------+-------+---------+---------+-------
      Total |     134 |     251 |  65.2 |      47 |       2 |   4.1
            +---------+---------+-------+---------+---------+-------
        D:1 |      36 |       0 |   0.0 |      21 |       0 |   0.0
        D:2 |      84 |     251 |  74.9 |      25 |       2 |   7.4
        D:3 |      14 |       0 |   0.0 |       1 |       0 |   0.0
            +---------+---------+-------+---------+---------+-------
